Map: Fear and Faith LE

Players

GhostRobo - Winner!

  • Race: Terran Terran
  • League: Silver
  • Spawn Location: 5:00

GloryUkraine

  • Race: Protoss Protoss
  • League: Gold
  • Spawn Location: 11:00

VOD

Have the link to the VOD?

Description

Time

  • Played on: July 10, 2026, 5:34 a.m.
  • Length: 17:16
Show
View Real Time Build Order
Export as new Build Order

GhostRobo Terran - Winner!

Build Orders: Reaper Expand 

Get SALT Encoding   

  8  0:01  SCV  
  9  0:13  SCV  
  10  0:25  SCV  
  11  0:30  Supply Depot  
  11  0:37  SCV  
  12  0:49  SCV  
  13  1:00  Barracks  
  13  1:10  Refinery  
  13  1:17  SCV  
  14  1:29  SCV  
  15  1:41  SCV  
  16  1:53  Orbital Command  
  16  1:55  Reaper  
  17  2:22  SCV  
  18  2:23  Command Center  
  18  2:32  Supply Depot  
  18  2:38  SCV  
  19  2:50  SCV  
  20  2:53  Marine  
  20  2:55  Factory  
  21  3:02  SCV  
  22  3:14  SCV  
  22  3:16  Barracks Reactor  
  23  3:26  SCV  
  24  3:47  Factory Tech Lab  
  24  3:50  Starport  
  24  3:51  Orbital Command  
  24  3:53  SCV  
  25  4:00  Refinery  
  25  4:05  SCV  
  26  4:11  Cyclone  
  26  4:12  Marine x2  
  31  4:17  SCV  
  32  4:28  Barracks x2  
  32  4:29  SCV  
  32  4:30  Marine x2  
  35  4:33  SCV  
  36  4:41  SCV  
  37  4:45  SCV  
  37  4:49  Siege Tank  
  41  4:54  SCV, Starport Tech Lab  
  42  5:01  Refinery  
  42  5:05  Supply Depot x2  
  42  5:12  SCV  
  42  5:14  SCV  
  42  5:17  Marine  
  42  5:25  Barracks Tech Lab  
  42  5:26  Marine, SCV x2, Barracks Tech Lab  
  45  5:33  Supply Depot  
  45  5:35  Marine  
  46  5:36  Supply Depot  
  46  5:38  SCV x2  
  50  5:44  Marine  
  49  5:50  Banshee, SCV x2  
  49  5:53  Marine  
  55  6:02  SCV  
  55  6:03  SCV  
  57  6:07  Engineering Bay  
  57  6:10  Command Center  
  52  6:15  SCV x2  
  42  6:27  SCV x2  
  43  6:39  SCV x2  
  44  6:44  Marine x2  
  44  6:45  Marine x2  
  44  6:46  Missile Turret  
  48  6:51  SCV x2  
  50  7:02  Marine x3  
  50  7:03  Marine, SCV x2, Raven  
  58  7:15  SCV x2  
  60  7:20  Marine x3  
  63  7:26  Orbital Command  
  63  7:27  SCV x2  
  65  7:38  Stimpack, Combat Shield  
  65  7:39  SCV x2  
  67  7:47  Refinery  
  67  7:51  SCV x2  
  67  7:52  Marine x4  
  72  8:03  SCV  
  72  8:04  SCV  
  74  8:09  SCV, Marine  
  74  8:10  Marine x2, Marauder  
  80  8:16  SCV x2  
  80  8:19  Cloaking Field  
  82  8:21  SCV  
  82  8:25  Missile Turret  
  83  8:27  Marine  
  83  8:28  Marine, SCV x2  
  87  8:36  Supply Depot  
  87  8:40  Supply Depot, Barracks  
  87  8:42  Barracks  
  87  8:57  Marine x3, SCV x2, Siege Tank  
  87  9:01  Marine, SCV  
  87  9:02  Terran Infantry Weapons Level 1  
  97  9:06  Engineering Bay  
  97  9:09  SCV x2, Missile Turret  
  99  9:13  SCV  
  99  9:15  Marine x3  
  103  9:23  Starport  
  103  9:28  Supply Depot  
  103  9:31  Supply Depot x2  
  103  9:36  Refinery  
  103  9:37  Refinery  
  103  9:49  Marine x3  
  103  9:50  Marine  
  105  10:07  Marine x4  
  93  10:25  Marine x4  
  82  10:32  Siege Tank  
  77  10:43  Marine x4  
  77  10:46  Raven  
  77  10:47  Starport Reactor  
  77  10:48  Barracks Reactor x2  
  81  10:56  SCV  
  81  10:57  SCV x2  
  84  11:01  Marine x4  
  79  11:04  Siege Tank  
  79  11:08  SCV  
  79  11:09  SCV x2  
  74  11:19  Marine x4  
  74  11:20  Medivac  
  74  11:21  SCV x3  
  82  11:33  SCV x3, Supply Depot  
  82  11:34  Supply Depot  
  82  11:36  Marine x4, Siege Tank  
  80  11:41  Marine x4  
  80  11:45  SCV x3  
  77  11:50  Medivac  
  73  11:54  Marine x4  
  73  11:57  SCV x3  
  73  11:58  Marine  
  73  11:59  Marine x3  
  82  12:09  Siege Tank, Terran Infantry Armor Level 1, SCV x3  
  82  12:12  Marine x4  
  92  12:16  Marine x2  
  92  12:17  Marine x2  
  92  12:20  Medivac  
  92  12:21  SCV x3  
  101  12:30  Marine x4  
  101  12:33  SCV x3  
  101  12:34  Marine x4  
  111  12:41  Siege Tank  
  113  12:45  SCV x2  
  113  12:46  SCV  
  113  12:48  Marine x4  
  113  12:50  Medivac  
  120  12:52  Marine x3  
  120  12:56  Marine  
  120  12:57  SCV  
  120  12:58  SCV x2  
  124  12:59  Missile Turret  
  124  13:05  Marine x4  
  124  13:10  Marine x2  
  130  13:13  Siege Tank, Marine  
  134  13:20  Medivac  
  134  13:23  Marine x4  
  138  13:28  Marine x2  
  138  13:31  Marine  
  126  13:41  Marine x2  
  126  13:45  Siege Tank  
  125  13:49  Marine, SCV x2  
  125  13:50  SCV, Raven  
  125  14:01  SCV  
  125  14:02  SCV x2  
  125  14:13  SCV  
  125  14:14  SCV x2  
  122  14:19  Siege Tank  
  122  14:23  Marine x7  
  130  14:24  Raven  
  130  14:25  SCV  
  130  14:26  SCV x2  
  134  14:38  SCV x3  
  134  14:40  Marine  
  134  14:41  Marine x6  
  138  14:52  Siege Tank, SCV x3  
  138  14:58  Missile Turret, Marine x5  
  143  15:10  SCV x3  
  143  15:12  Marine  
  143  15:37  Marine, SCV  
  143  16:25  Marine x3  
  143  16:27  SCV x2, Marine  
  143  16:28  Marine x3  
  143  16:31  Siege Tank  
  143  16:39  SCV  
  142  16:43  Marine x3  
Show
View Real Time Build Order
Export as new Build Order

GloryUkraine Protoss 

Build Orders: Dark Templar Rush 

Get SALT Encoding   

  8  0:01  Probe  
  9  0:17  Probe  
  10  0:25  Pylon  
  10  0:30  Probe  
  11  0:49  Gateway  
  11  0:55  Probe  
  12  1:07  Probe  
  12  1:19  Probe  
  13  1:31  Probe  
  14  1:36  Cybernetics Core  
  14  1:42  Assimilator  
  14  1:43  Probe  
  15  1:50  Assimilator  
  15  1:55  Probe  
  15  2:00  Gateway  
  16  2:07  Probe  
  17  2:19  Probe  
  18  2:25  Pylon  
  18  2:31  Probe  
  18  2:32  Warp Gate (Chrono Boost)  
  19  2:43  Probe  
  20  2:48  Twilight Council  
  20  2:55  Adept (Chrono Boost)  
  21  3:18  Probe  
  21  3:30  Probe  
  21  3:42  Probe  
  21  3:43  Dark Shrine  
  22  3:54  Probe  
  23  4:06  Probe  
  24  4:18  Probe  
  25  4:27  Pylon  
  25  4:29  Adept x2  
  29  4:45  Probe  
  30  4:57  Nexus  
  30  5:02  Dark Templar  
  32  5:19  Dark Templar  
  30  5:29  Probe  
  31  5:41  Robotics Facility, Probe  
  32  5:45  Dark Templar  
  34  5:53  Probe  
  35  6:06  Probe  
  36  6:13  Stalker  
  36  6:17  Probe  
  36  6:18  Probe  
  40  6:29  Probe  
  37  6:41  Probe  
  37  6:43  Stalker  
  37  6:44  Stalker  
  37  6:45  Probe  
  43  6:48  Assimilator  
  43  6:50  Assimilator  
  43  6:51  Observer  
  43  6:53  Probe  
  45  6:54  Charge  
  45  6:57  Probe  
  46  7:06  Probe  
  47  7:09  Dark Templar, Probe  
  50  7:24  Pylon  
  50  7:26  Pylon  
  50  7:27  Pylon  
  50  7:29  Pylon  
  50  7:32  Pylon  
  50  7:38  Stargate  
  50  7:41  Warp Prism  
  50  7:42  Probe  
  53  8:06  Stalker  
  51  8:22  Observer  
  51  8:24  Phoenix  
  54  8:31  Forge, Stalker x2  
  58  8:40  Probe  
  58  8:41  Probe  
  60  8:47  Gateway  
  60  8:48  Gateway  
  60  8:50  Gateway  
  60  8:53  Probe x2  
  61  9:05  Probe x2  
  61  9:07  Stalker x2  
  67  9:10  Protoss Ground Weapons Level 1  
  67  9:17  Probe  
  67  9:21  Blink  
  68  9:28  Immortal  
  68  9:30  Stalker x2  
  76  9:40  Probe  
  69  10:08  Dark Templar x3  
  46  10:46  Dark Templar  
  46  10:47  Dark Templar x2  
  46  11:24  Dark Templar x2  
  50  11:30  Probe x2  
  52  11:38  Pylon  
  52  11:42  Probe  
  52  11:43  Probe  
  54  11:54  Probe  
  54  11:55  Probe  
  56  12:06  Stalker x3, Probe  
  56  12:07  Probe  
  60  12:09  Immortal  
  64  12:16  Gateway  
  64  12:18  Probe  
  64  12:19  Probe  
  64  12:21  Gateway x2  
  66  12:23  Photon Cannon, Gateway  
  66  12:24  Photon Cannon  
  66  12:26  Photon Cannon, Pylon  
  66  12:27  Photon Cannon  
  66  12:28  Pylon  
  66  12:29  Dark Templar  
  68  12:48  Immortal  
  72  13:00  Stalker x2  
  72  13:02  Assimilator  
  72  13:03  Nexus  
  76  13:06  Assimilator  
  76  13:07  Pylon  
  76  13:09  Pylon x2  
  75  13:15  Dark Templar  
  56  13:39  Zealot x2  
  55  14:01  Dark Templar  
  56  14:20  Probe x2  
  56  14:27  Probe  
  57  14:32  Probe x2  
  57  14:37  Dark Templar x3  
  54  14:39  Probe  
  55  14:51  Probe  
  52  15:03  Probe  
  51  15:15  Probe  
  48  15:22  Zealot x5  
  48  15:23  Zealot x2  
  43  15:51  Pylon  
  43  15:53  Dark Templar x2, Pylon  
  43  15:54  Dark Templar, Pylon  
  43  15:55  Pylon  
  45  16:15  Forge  
  44  16:35  Cybernetics Core  
  44  16:38  Gateway  
  44  16:41  Pylon  
Tags
 
Add a new tag
Caveats
  • Supply blocks, unpowered buildings, or Contaminate may cause inaccurate times.
  • Supply counts are checked every 10 seconds.